[Event "ETCC Women 2013"]
[Site "Warsaw"]
[Date "2013.11.10"]
[Round "3"]
[White "Grigoryan, Meri"]
[Black "Olsarova, Tereza"]
[Result "0-1"]
[ECO "A43"]
[WhiteElo "2039"]
[BlackElo "2248"]
[PlyCount "102"]
[EventDate "2013.??.??"]
[EventCountry "POL"]
[WhiteTeam "England"]
[BlackTeam "Czech Republic"]
[WhiteTeamCountry "ENG"]
[BlackTeamCountry "CZE"]
[TimeControl "40/5400+30:1800+30"]

1. d4 c5 2. e4 cxd4 3. Qxd4 Nc6 4. Qa4 Nf6 5. Nc3 g6 6. f4 d6 7. Nf3 Bg7 8. Bc4 O-O 9. Bd2 Nd7 10.
Qa3 Rb8 11. Nd1 Nc5 12. Qe3 e6 13. Bc3 b5 14. Bxg7 Kxg7 15. Be2 Qb6 16. h4 Kg8 17. h5 Nb4 18. Qc3 Qa5 19. Nd2 Na4 20. Qb3 Nc6 21. Qh3 Rb7 22. c3 Qc7 23. Nf3 Qe7 24. Ng5 e5 25. Qh2 f6 26. Nf3 g5 27. f5 h6 28. g4 Qf7 29. Nd2 Kg7 30. Qg2 a6 31. b3 Nb6 32. Ne3 Ne7 33. Bf3 Rd7 34.
c4 Nc6 35. cxb5 axb5 36. O-O Nd4 37. Nd5 Nxd5 38. exd5 Nc2 39. Rac1 Ne3 40. Qe2 Nxf1 41. Qxf1 Rc7 42. Ne4 Rxc1 43. Qxc1 Qa7+ 44. Kh1 Qb6 45. Qc6 Qxc6 46. dxc6 d5 47. Nc5 e4 48. Be2 b4 49. Kg1 Re8 50. Bb5 d4 51.
Kf2 Re5 0-1

[Event "ETCC Women 2013"]
[Site "Warsaw"]
[Date "2013.11.10"]
[Round "3"]
[White "Gronnestad, Anita"]
[Black "Brunello, Marina"]
[Result "1-0"]
[ECO "A11"]
[WhiteElo "1958"]
[BlackElo "2248"]
[PlyCount "93"]
[EventDate "2013.??.??"]
[EventCountry "POL"]
[WhiteTeam "Norway"]
[BlackTeam "Italy"]
[WhiteTeamCountry "NOR"]
[BlackTeamCountry "ITA"]
[TimeControl "40/5400+30:1800+30"]

1. c4 c6 2. Nf3 d5 3. e3 Nf6 4. b3 Bf5 5. Bb2 e6 6. Be2 h6 7. O-O Nbd7 8. d4 Bd6 9. Nbd2 Qc7 10. Rc1 O-O 11. a3 a5 12. Re1 Rad8 13. Bf1 Rfe8 14. g3 Qb8 15. Bg2 Bh7 16. cxd5 exd5 17. Nb1 Ne4 18. Nfd2 Ng5 19. Nc3 Nf6 20. Na4 Bf5 21. Qe2 h5 22. Nf1 Nh3+ 23. Bxh3 Bxh3 24. Nc5 Ng4 25. b4 axb4 26. axb4 h4 27. Rc2 b6 28. Nd3 Re6 29. Qf3 Rh6 30.
Nf4 Bxf4 31. exf4 Qd6 32. Ne3 Qg6 33. f5 Qg5 34. Bc1 hxg3 35.
fxg3 Qh5 36. Nf1 Rf6 37. Ne3 Re8 38. Rce2 Re4 39. b5 Qh7 40. bxc6 Nxe3 41. Rxe3 Bxf5 42. c7 Rc6 43. Rxe4 Bxe4 44. Qa3 Qh3 45. Rxe4 Rxc7 46. Qa8+ Rc8 47. Re8+ 1-0

[Event "ETCC Women 2013"]
[Site "Warsaw"]
[Date "2013.11.10"]
[Round "3"]
[White "Gunina, Valentina"]
[Black "Moser, Eva"]
[Result "1-0"]
[ECO "A43"]
[WhiteElo "2509"]
[BlackElo "2434"]
[PlyCount "75"]
[EventDate "2013.??.??"]
[EventCountry "POL"]
[WhiteTeam "Russia"]
[BlackTeam "Austria"]
[WhiteTeamCountry "RUS"]
[BlackTeamCountry "AUT"]
[TimeControl "40/5400+30:1800+30"]

1. d4 c5 2. d5 d6 3. e4 g6 4. Nc3 Bg7 5. Nf3 Nf6 6. Bb5+ Nbd7 7. a4 a6 8. Bc4 b6 9. O-O O-O 10. h3 Ne8 11. Rb1 Ne5 12. Nxe5 dxe5 13. Be3 Nd6 14. Be2 Qc7 15. Qd2 Bd7 16. f4 b5 17. fxe5 Bxe5 18. Bf4 Bxf4 19. Qxf4 b4 20. Nd1 Bxa4 21. Ne3 Bd7 22. e5 Nf5 23. d6 exd6 24. Nd5 Qd8 25.
g4 dxe5 26. Qxe5 f6 27. Qf4 Nd4 28. Bd3 Kg7 29. Rbe1 Rf7 30. Re7 Bf5 31. Rxf7+ Kxf7 32. gxf5 Qxd5 33. fxg6+ Ke8 34. Qxf6 hxg6 35.
Re1+ Kd7 36. Re7+ Kc8 37. Qf8+ Qd8 38. Re8 1-0

[Event "ETCC Women 2013"]
[Site "Warsaw"]
[Date "2013.11.10"]
[Round "3"]
[White "Gurcan, Aytolun"]
[Black "Michna, Marta"]
[Result "0-1"]
[ECO "B01"]
[WhiteElo "1745"]
[BlackElo "2357"]
[PlyCount "52"]
[EventDate "2013.??.??"]
[EventCountry "POL"]
[WhiteTeam "Turkey"]
[BlackTeam "Germany"]
[WhiteTeamCountry "TUR"]
[BlackTeamCountry "GER"]
[TimeControl "40/5400+30:1800+30"]

1. e4 d5 2. exd5 Qxd5 3. Nc3 Qa5 4. d4 Nf6 5. Nf3 Nc6 6. Bd2 Bg4 7. Bb5 O-O-O 8. Bxc6 bxc6 9. Ne2 Qd5 10. c4 Qe4 11. Ne5 Qxg2 12. Rf1 Bxe2 13. Qxe2 Rxd4 14. Be3 Re4 15. Nxc6 Ng4 16. Qd3 Rxe3+ 17. fxe3 Qxc6 18. Rd1 e6 19. Qd8+ Kb7 20. Rd2 Bb4 21. Qxh8 Qd6 22. Rff2 Nxf2 23. Kxf2 Qxd2+ 24. Kf3 Qd1+ 25. Ke4 f5+ 26. Ke5 Qd6# 0-1

[Event "ETCC Women 2013"]
[Site "Warsaw"]
[Date "2013.11.10"]
[Round "3"]
[White "Hernandez Estevez, Yudania"]
[Black "Mamedjarova, Turkan"]
[Result "1/2-1/2"]
[ECO "C77"]
[WhiteElo "2284"]
[BlackElo "2250"]
[PlyCount "81"]
[EventDate "2013.??.??"]
[EventCountry "POL"]
[WhiteTeam "Spain"]
[BlackTeam "Azerbaijan"]
[WhiteTeamCountry "ESP"]
[BlackTeamCountry "AZE"]
[TimeControl "40/5400+30:1800+30"]

1. e4 e5 2. Nf3 Nc6 3. Bb5 a6 4. Ba4 Nf6 5. d3 b5 6. Bb3 Bc5 7. O-O O-O 8.
a4 Rb8 9. Be3 d6 10. axb5 axb5 11. Nc3 Bg4 12. h3 Bxf3 13. Qxf3 Nd4 14. Bxd4 Bxd4 15. Ra2 Bxc3 16. bxc3 Ra8 17. Rfa1 Rxa2 18. Rxa2 Qd7 19. Ra5 h6 20. Qf5 Qc6 21. c4 bxc4 22. Bxc4 Qb6 23. Ra1 Qd4 24. Rb1 c6 25.
Rb7 d5 26. Bb3 Kh8 27. Re7 dxe4 28. dxe4 Qxe4 29. Qxe4 Nxe4 30.
Rxe5 Nd2 31. Rc5 Nxb3 32. cxb3 Rb8 33. Rxc6 Rxb3 34. Rc7 Kg8 35. Rc8+ Kh7 36. Rc6 Rb2 37. Ra6 Rc2 38. Rb6 Rd2 39. Ra6 Rc2 40.
Rb6 Rd2 41. Ra6 1/2-1/2

[Event "ETCC Women 2013"]
[Site "Warsaw"]
[Date "2013.11.10"]
[Round "3"]
[White "Hoang, Thanh Trang"]
[Black "Bojkovic, Natasa"]
[Result "1/2-1/2"]
[ECO "E01"]
[WhiteElo "2511"]
[BlackElo "2405"]
[PlyCount "82"]
[EventDate "2013.??.??"]
[EventCountry "POL"]
[WhiteTeam "Hungary"]
[BlackTeam "Serbia"]
[WhiteTeamCountry "HUN"]
[BlackTeamCountry "SRB"]
[TimeControl "40/5400+30:1800+30"]

1. d4 Nf6 2. c4 e6 3. g3 d5 4. Bg2 Bb4+ 5. Bd2 Be7 6. Nf3 c6 7. Qc2 O-O 8. O-O b6 9. Bf4 Bb7 10. Rd1 Nbd7 11. Ne5 Nxe5 12. dxe5 Nd7 13. cxd5 cxd5 14. e4 dxe4 15. Nc3 Qc7 16. Rac1 Rfd8 17. Nd5 Qxc2 18. Nxe7+ Kf8 19. Rxc2 Kxe7 20. Rc7 Bd5 21. Rdc1 Ke8 22. Bf1 a6 23. b4 h6 24. h4 b5 25. a3 Nb6 26. Be3 Nc4 27. Bxc4 Bxc4 28. Bc5 Rd7 29. Rxd7 Kxd7 30. Rd1+ Bd5 31. Kf1 h5 32. Ke2 a5 33. bxa5 Rxa5 34. Rc1 Ra8 35.
Bd6 Rc8 36. Rxc8 Kxc8 37. Ke3 Kd7 38. Bf8 g6 39. Kd4 Kc6 40.
Be7 Kd7 41. Bb4 Kc6 {[%emt
0:01:22] Kxe4} 1/2-1/2

[Event "ETCC Women 2013"]
[Site "Warsaw"]
[Date "2013.11.10"]
[Round "3"]
[White "Iwanow, Anna"]
[Black "Raeva, Elitsa"]
[Result "1-0"]
[ECO "B90"]
[WhiteElo "2206"]
[BlackElo "2361"]
[PlyCount "63"]
[EventDate "2013.??.??"]
[EventCountry "POL"]
[WhiteTeam "Poland"]
[BlackTeam "Bulgaria"]
[WhiteTeamCountry "POL"]
[BlackTeamCountry "BUL"]
[TimeControl "40/5400+30:1800+30"]

1. e4 c5 2. Nf3 d6 3. d4 cxd4 4. Nxd4 Nf6 5. Nc3 a6 6. Bc4 e6 7. Bb3 Be7 8.
g4 O-O 9. g5 Ne8 10. Rg1 Nc6 11. Be3 Na5 12. Qh5 Nxb3 13. axb3 g6 14. Qh4 Nc7 15. O-O-O Nb5 16. Nde2 Bd7 17. Rg3 Qa5 18. Qh6 f6 19. Nf4 Nxc3 20. bxc3 Rf7 21. Nxg6 hxg6 22. Rh3 Rg7 23. Qh8+ Kf7 24. Qxa8 Qxc3 25. Qxb7 Bc6 26. Qc7 Kg8 27. Qc8+ Kf7 28. Kb1 f5 29. Rh8 a5 30. Bd4 Qf3 31. Bxg7 Qxd1+ 32. Kb2 1-0

[Event "ETCC Women 2013"]
[Site "Warsaw"]
[Date "2013.11.10"]
[Round "3"]
[White "Khotenashvili, Bela"]
[Black "Borsuk, Angela"]
[Result "1-0"]
[ECO "A41"]
[WhiteElo "2524"]
[BlackElo "2186"]
[PlyCount "117"]
[EventDate "2013.??.??"]
[EventCountry "POL"]
[WhiteTeam "Georgia"]
[BlackTeam "Israel"]
[WhiteTeamCountry "GEO"]
[BlackTeamCountry "ISR"]
[TimeControl "40/5400+30:1800+30"]

1. d4 d6 2. Nf3 Nf6 3. c4 g6 4. Nc3 Bg7 5. e4 O-O 6. h3 e5 7. d5 Nbd7 8.
Bg5 h6 9. Be3 Nc5 10. Qc2 a5 11. g4 h5 12. g5 Ne8 13. Be2 Bd7 14. O-O-O Qc8 15. Nh4 a4 16. Rdg1 a3 17. b3 Na6 18. Qd1 Nb4 19. Kb1 c6 20.
Na4 Rxa4 21. bxa4 cxd5 22. cxd5 Nc7 23. Qb3 Ncxd5 24. Rc1 Bxa4 25. Qxa4 Nc3+ 26. Rxc3 Qxc3 27. Qb3 Qxb3+ 28. axb3 Ra8 29. Rc1 a2+ 30. Ka1 d5 31. Bd2 Nc6 32. Ng2 dxe4 33. Ne3 Nd4 34. Bd1 Bf8 35. b4 Nc6 36. Nd5 Rd8 37. Bb3 Kg7 38. Bxa2 Ne7 39. Rc5 Nf5 40. Rb5 Rd7 41. Bc3 Nd4 42. Rb6 Be7 43. Nxe7 Rxe7 44. Bd5 e3 45. fxe3 Nc2+ 46. Ka2 Nxe3 47. Be4 Nd1 48. Ba1 Nf2 49. Rxb7 Kf8 50.
Rb8+ Kg7 51. Bg2 Nd3 52. b5 f6 53. b6 Nc5 54. Rc8 Na6 55. gxf6+ Kxf6 56. b7 Kg5 57. Ra8 Re6 58. Bc3 Rb6 59. Ba5 1-0

[Event "ETCC Women 2013"]
[Site "Warsaw"]
[Date "2013.11.10"]
[Round "3"]
[White "Kiolbasa, Oliwia"]
[Black "Ivanova, Simoneta"]
[Result "1/2-1/2"]
[ECO "C41"]
[WhiteElo "1982"]
[BlackElo "2046"]
[PlyCount "110"]
[EventDate "2013.??.??"]
[EventCountry "POL"]
[WhiteTeam "Poland"]
[BlackTeam "Bulgaria"]
[WhiteTeamCountry "POL"]
[BlackTeamCountry "BUL"]
[TimeControl "40/5400+30:1800+30"]

1. e4 d6 2. d4 Nf6 3. Nc3 e5 4. Nf3 Nbd7 5. Bc4 Be7 6. O-O Nb6 7. Be2 exd4 8. Nxd4 O-O 9. Re1 Re8 10. h3 Bf8 11. Bd3 c5 12. Nf3 Nbd7 13.
Bg5 h6 14. Bxf6 Nxf6 15. Bb5 Bd7 16. Bxd7 Qxd7 17. Qd3 Rad8 18.
Rad1 Qc6 19. Nd5 Nd7 20. Nh4 g6 21. Qg3 Bg7 22. f4 Nb6 23. Nxb6 axb6 24. Qf3 Bf6 25. Qg4 Kh7 26. f5 g5 27. Nf3 Rd7 28. Rd5 Rde7 29. c4 Bxb2 30.
f6 Bxf6 31. h4 gxh4 32. Nxh4 Bxh4 33. Qxh4 Re6 34. Rf1 Qc7 35.
Rdf5 Qd8 36. Rxf7+ Kg8 37. Qf4 Rg6 38. Qf5 Qg5 39. Qxg5 hxg5 40. Rxb7 Rxe4 41. Rxb6 Rxc4 42. Rd1 Ra4 43. Rbxd6 Rxd6 44. Rxd6 Rxa2 45. Rd5 c4 46. Rxg5+ Kf7 47. Rc5 Rc2 48. g4 c3 49. g5 Kg6 50. Kf1 Kh5 51. Ke1 Rc1+ 52. Ke2 c2 53. Kd2 Rg1 54. Kxc2 Rxg5 55. Rxg5+ Kxg5 1/2-1/2

[Event "ETCC Women 2013"]
[Site "Warsaw"]
[Date "2013.11.10"]
[Round "3"]
[White "L'Ami, Alina"]
[Black "Zawadzka, Jolanta"]
[Result "1-0"]
[ECO "D38"]
[WhiteElo "2361"]
[BlackElo "2383"]
[PlyCount "53"]
[EventDate "2013.??.??"]
[EventCountry "POL"]
[WhiteTeam "Romania"]
[BlackTeam "Poland"]
[WhiteTeamCountry "ROU"]
[BlackTeamCountry "POL"]
[TimeControl "40/5400+30:1800+30"]

1. d4 d5 2. c4 e6 3. Nf3 Nf6 4. Nc3 Bb4 5. cxd5 exd5 6. Bg5 h6 7. Bh4 c5 8. e3 c4 9. Be2 g5 10. Bg3 Ne4 11. Rc1 Qa5 12. Ne5 Nc6 13. O-O Bxc3 14. bxc3 O-O 15. Bh5 Nxe5 16. Bxe5 f6 17. f3 Nxc3 18. Qc2 Kh8 19. Bd6 Rg8 20. Qxc3 Qxa2 21. Bf7 Qa6 22. Bc5 Rd8 23. e4 Be6 24. Bxe6 Qxe6 25. exd5 Qe8 26. Rfe1 Qd7 27. Be7 1-0

[Event "ETCC Women 2013"]
[Site "Warsaw"]
[Date "2013.11.10"]
[Round "3"]
[White "Majdan-Gajewska, Joanna"]
[Black "Foisor, Cristina-Adela"]
[Result "1-0"]
[ECO "B40"]
[WhiteElo "2420"]
[BlackElo "2347"]
[PlyCount "181"]
[EventDate "2013.??.??"]
[EventCountry "POL"]
[WhiteTeam "Poland"]
[BlackTeam "Romania"]
[WhiteTeamCountry "POL"]
[BlackTeamCountry "ROU"]
[TimeControl "40/5400+30:1800+30"]

1. e4 c5 2. Nf3 e6 3. d4 cxd4 4. Nxd4 Nf6 5. Nc3 Nc6 6. Ndb5 Bb4 7. a3 Bxc3+ 8. Nxc3 d5 9. exd5 exd5 10. Bd3 O-O 11. O-O d4 12. Ne2 Bg4 13.
f3 Bh5 14. Nf4 Bg6 15. Nxg6 hxg6 16. f4 Ne7 17. Re1 Rc8 18. Qf3 Rc7 19. Bd2 Qd5 20. Qf1 Qh5 21. Re5 Nf5 22. h3 Qh4 23. g4 Qg3+ 24. Qg2 Qxg2+ 25. Kxg2 Ne7 26. Rae1 Nc6 27. R5e2 Nd5 28. Kf3 Kh7 29. h4 Kg8 30.
g5 a6 31. Re8 Rc8 32. Rxc8 Rxc8 33. h5 gxh5 34. g6 fxg6 35. Bxg6 Nf6 36. c3 Rc7 37. Bf5 Kf8 38. Be6 Re7 39. f5 dxc3 40. Bxc3 Ne8 41. Kf4 Nc7 42. Bc4 b5 43. Ba2 Rxe1 44. Bxe1 a5 45. Bf2 Ke7 46. Kg5 Kd7 47.
Kxh5 Ne7 48. Kg5 Ne8 49. Bb6 a4 50. Ba5 Nf6 51. Bb4 Ne4+ 52. Kf4 Nf6 53. Bc5 Nfd5+ 54. Kg5 Nf6 55. Be6+ Ke8 56. Bd4 Ne4+ 57. Kf4 Nf6 58. Bxf6 gxf6 59. Ke4 Kd8 60. Kd4 b4 61. axb4 Nc6+ 62. Kc5 Kc7 63. b5 Ne5 64. b6+ Kb8 65. Bc4 Ng4 66. Kb5 Ne3 67. Be6 Nd1 68. Kxa4 Nxb2+ 69. Kb5 Nd1 70. Kc6 Ne3 71. Kc5 Ng4 72. Bd5 Ne5 73. Kd6 Nd7 74.
Kc6 Ne5+ 75. Kb5 Ng4 76. Kc5 Ne5 77. Be4 Nd7+ 78. Kb5 Ne5 79. Bc6 Ng4 80. Kc5 Ne5 81. Kd5 Kc8 82. Bb5 Kb7 83. Kc5 Kb8 84. Ba6 Nd7+ 85. Kc6 Ne5+ 86. Kd6 Ng4 87. Ke6 Ne5 88. Kxf6 Nd7+ 89. Ke7 Nxb6 90. Kd6 Ka7 91. f6 1-0

[Event "ETCC Women 2013"]
[Site "Warsaw"]
[Date "2013.11.10"]
[Round "3"]
[White "Mammadova, Gulnar"]
[Black "Alexandrova, Olga"]
[Result "0-1"]
[ECO "B40"]
[WhiteElo "2354"]
[BlackElo "2427"]
[PlyCount "92"]
[EventDate "2013.??.??"]
[EventCountry "POL"]
[WhiteTeam "Azerbaijan"]
[BlackTeam "Spain"]
[WhiteTeamCountry "AZE"]
[BlackTeamCountry "ESP"]
[TimeControl "40/5400+30:1800+30"]

1. e4 c5 2. Nf3 e6 3. b3 b6 4. c4 Bb7 5. Nc3 Nf6 6. e5 Ne4 7. Be2 Be7 8. Qc2 Nxc3 9. dxc3 Nc6 10. Bd3 Qc7 11. Qe2 d6 12. exd6 Bxd6 13. Bd2 Ne5 14. Nxe5 Bxe5 15. Be4 Bxe4 16. Qxe4 Rd8 17. f4 Bf6 18. O-O-O O-O 19. g4 Rd7 20. g5 Be7 21. h4 Qb7 22. Qe2 Rfd8 23. Rh3 b5 24. cxb5 c4 25.
bxc4 a6 26. g6 axb5 27. gxf7+ Kf8 28. c5 Qd5 29. c4 Qd4 30. Rc3 b4 31. Rb3 Qa1+ 32. Rb1 Qxa2 33. c6 Rd4 34. Rxb4 Qa3+ 35. Rb2 Rb8 36. Bb4 Rxd1+ 37. Kxd1 Rxb4 38. Rxb4 Qxb4 39. Qe4 Qd6+ 40.
Ke2 Kxf7 41. h5 h6 42. Qg6+ Kf8 43. Qe4 Bd8 44. Kf3 Bc7 45. Kg2 Qxf4 46. Qxe6 Qg5+ 0-1

[Event "ETCC Women 2013"]
[Site "Warsaw"]
[Date "2013.11.10"]
[Round "3"]
[White "Melamed, Tatjana"]
[Black "Cemhan, Kardelen"]
[Result "1/2-1/2"]
[ECO "A34"]
[WhiteElo "2367"]
[BlackElo "1993"]
[PlyCount "81"]
[EventDate "2013.??.??"]
[EventCountry "POL"]
[WhiteTeam "Germany"]
[BlackTeam "Turkey"]
[WhiteTeamCountry "GER"]
[BlackTeamCountry "TUR"]
[TimeControl "40/5400+30:1800+30"]

1. c4 c5 2. Nc3 Nf6 3. g3 d5 4. cxd5 Nxd5 5. Bg2 Nc7 6. Nf3 Nc6 7. O-O e5 8. a3 Be7 9. b4 f6 10. bxc5 Bxc5 11. Qc2 Be6 12. Rb1 Rb8 13. Na4 Bb6 14. Nxb6 axb6 15. Rxb6 O-O 16. d3 Qd7 17. Be3 Nd5 18. Rbb1 Rfc8 19. Qb2 b5 20. Nd2 b4 21. Ne4 Nxe3 22. fxe3 Qa7 23. axb4 Qxe3+ 24. Kh1 Nxb4 25. Rfc1 Nc6 26. Qd2 Qxd2 27. Nxd2 Rxb1 28. Nxb1 Nd4 29. Rxc8+ Bxc8 30. Nc3 Bg4 31. Bf1 Kf7 32. Kg1 Ke6 33. Kf2 Kd6 34. Bg2 Bd7 35. Ne4+ Ke7 36. Nc3 Kd6 37. Ne4+ Ke7 38. Nc3 Kd6 39. Ne4+ Ke7 40. Nc3 Kd6 41. Ne4+ 1/2-1/2

[Event "ETCC Women 2013"]
[Site "Warsaw"]
[Date "2013.11.10"]
[Round "3"]
[White "Messina, Roberta"]
[Black "Reppen, Ellisiv"]
[Result "0-1"]
[ECO "A37"]
[WhiteElo "2064"]
[BlackElo "2008"]
[PlyCount "128"]
[EventDate "2013.??.??"]
[EventCountry "POL"]
[WhiteTeam "Italy"]
[BlackTeam "Norway"]
[WhiteTeamCountry "ITA"]
[BlackTeamCountry "NOR"]
[TimeControl "40/5400+30:1800+30"]

1. Nf3 c5 2. c4 Nc6 3. g3 g6 4. Bg2 Bg7 5. Nc3 d6 6. O-O Bf5 7. d3 Qd7 8.
Rb1 Bh3 9. Bd2 Bxg2 10. Kxg2 Nf6 11. a3 O-O 12. b4 b6 13. Qb3 Rab8 14. Nd5 Nxd5 15. cxd5 Nd4 16. Nxd4 cxd4 17. b5 Rfc8 18. Rfc1 h5 19. Rc6 Qg4 20. f3 Qf5 21. Rb2 g5 22. Rbc2 g4 23. f4 Re8 24. Bb4 h4 25.
Rc1 Qh5 26. Rh1 e5 27. fxe5 Rxe5 28. Qa2 Rbe8 29. Rc2 h3+ 30. Kf2 Rxd5 31. a4 Bh6 32. Ke1 Be3 33. Rf1 Rf5 34. Rh1 Qg6 35. Rc6 Rf6 36. Qd5 Rfe6 37. Rxd6 Rc8 38. Rd8+ Rxd8 39. Qxd8+ Kh7 40. Qh4+ Kg7 41. Qd8 Rf6 42. Be7 Rf5 43. Bd6 Qe6 44. Bf8+ Kg6 45. Qd6 Qxd6 46. Bxd6 Rd5 47. Bb4 Rd7 48. Kd1 a6 49. bxa6 Ra7 50. Kc2 Rxa6 51. Kb3 Ra8 52. Rd1 Rc8 53. Be1 Rc6 54. Bb4 Rf6 55. Be1 Rf1 56. Kc2 Bg1 57.
Rb1 f6 58. e3 Bxe3 59. Kd1 Rh1 60. Rb2 Bg1 61. Rxb6 Bxh2 62. a5 Bxg3 63. Re6 Rxe1+ 64. Rxe1 Bxe1 0-1

[Event "ETCC Women 2013"]
[Site "Warsaw"]
[Date "2013.11.10"]
[Round "3"]
[White "Nazarova, Anastasia"]
[Black "Berke, Ana"]
[Result "1-0"]
[ECO "B50"]
[WhiteElo "1727"]
[BlackElo "2139"]
[PlyCount "97"]
[EventDate "2013.??.??"]
[EventCountry "POL"]
[WhiteTeam "Finland"]
[BlackTeam "Croatia"]
[WhiteTeamCountry "FIN"]
[BlackTeamCountry "CRO"]
[TimeControl "40/5400+30:1800+30"]

1. e4 c5 2. Nf3 d6 3. Bc4 Nf6 4. e5 dxe5 5. Nxe5 e6 6. Qe2 Be7 7. O-O O-O 8. b3 Qc7 9. Bb2 Nc6 10. f4 Nd4 11. Bxd4 cxd4 12. Rf3 Bd7 13.
a4 Bc6 14. Rh3 Be4 15. g4 d3 16. Bxd3 Bc5+ 17. Kf1 Qd6 18. c3 Qd5 19. Bc4 Qd6 20. d4 Bb6 21. Nd2 Bg6 22. Qf3 Nd7 23. Re1 Rae8 24. Bb5 Nxe5 25. fxe5 Qe7 26. Bxe8 Qxe8 27. Ke2 f6 28. Rf1 Bc2 29. g5 f5 30.
Rc1 Be4 31. Nxe4 fxe4 32. Qxe4 g6 33. Qxb7 Rf7 34. Qg2 Qc8 35. Rd3 Rd7 36. Rf1 Ba5 37.
Qf3 Qd8 38. Qf6 Qe8 39. Rdf3 Bd8 40. Qf8+ Qxf8 41. Rxf8+ Kg7 42.
h4 Ba5 43. b4 Bd8 44. a5 h6 45. gxh6+ Kxh6 46. Rh8+ Kg7 47. Rff8 Bxh4 48. Rfg8+ Kf7 49. Rh7+ 1-0

[Event "ETCC Women 2013"]
[Site "Warsaw"]
[Date "2013.11.10"]
[Round "3"]
[White "Newrkla, Katharina"]
[Black "Kosteniuk, Alexandra"]
[Result "0-1"]
[ECO "B14"]
[WhiteElo "2173"]
[BlackElo "2510"]
[PlyCount "66"]
[EventDate "2013.??.??"]
[EventCountry "POL"]
[WhiteTeam "Austria"]
[BlackTeam "Russia"]
[WhiteTeamCountry "AUT"]
[BlackTeamCountry "RUS"]
[TimeControl "40/5400+30:1800+30"]

1. e4 c6 2. d4 d5 3. exd5 cxd5 4. c4 Nf6 5. Nc3 e6 6. Nf3 Bb4 7. cxd5 Nxd5 8.
Qc2 Qc7 9. Bd2 Nxc3 10. bxc3 Bd6 11. Bd3 b6 12. Be4 Bb7 13. O-O Nd7 14. c4 Rc8
15. a4 Ba6 16. Rfc1 Bxc4 17. Qb2 Qb8 18. d5 O-O 19. Bc3 f6 20. Qb1 f5 21. dxe6
fxe4 22. exd7 exf3 23. dxc8=Q Bxh2+ 24. Kh1 fxg2+ 25. Kxg2 Bd5+ 26. Kf1 Qxc8
27. Bd4 Qh3+ 28. Ke1 Bf4 29. Rc3 Re8+ 30. Be3 Be5 31. Qc1 Bf3 32. Rd3 Bxa1 33.
Qc4+ Kh8 0-1

[Event "ETCC Women 2013"]
[Site "Warsaw"]
[Date "2013.11.10"]
[Round "3"]
[White "Novak, Ksenija"]
[Black "Stetsko, Lanita"]
[Result "1/2-1/2"]
[ECO "A06"]
[WhiteElo "2082"]
[BlackElo "2226"]
[PlyCount "164"]
[EventDate "2013.??.??"]
[EventCountry "POL"]
[WhiteTeam "Slovenia"]
[BlackTeam "Belarus"]
[WhiteTeamCountry "SLO"]
[BlackTeamCountry "BLR"]
[TimeControl "40/5400+30:1800+30"]

1. Nf3 d5 2. g3 Nf6 3. Bg2 e6 4. c4 Be7 5. d4 O-O 6. O-O dxc4 7. Qc2 a6 8.
a4 Bd7 9. Qxc4 Bc6 10. Nc3 b5 11. Qd3 b4 12. Nd1 Be4 13. Qc4 c5 14. dxc5 Nc6 15. Bf4 Bd5 16. Qd3 Nd7 17. Ne3 Nxc5 18. Qd1 Bb3 19. Qxd8 Raxd8 20. Rfc1 f6 21. Bc7 Rc8 22. Bb6 Nxa4 23. Nd2 Nxb6 24. Nxb3 Nb8 25. Bb7 Rxc1+ 26. Rxc1 Rd8 27. Nc4 Nxc4 28. Rxc4 Kf7 29. Na5 Rd1+ 30. Kg2 Rd2 31. Rc8 Nd7 32. Bxa6 Rxb2 33. Nc4 Ra2 34. Bb5 Ra7 35. e4 Rb7 36. Bc6 Ra7 37. Bb5 h6 38. e5 b3 39. Bxd7 Rxd7 40.
Rb8 Rd3 41. Rb7 Ke8 42. Nd6+ Bxd6 43. exd6 g5 44. h3 h5 45. h4 gxh4 46. gxh4 Rxd6 47. Rxb3 Kf7 48. Rb4 Kg6 49. Kg3 e5 50. f3 Kf5 51. Ra4 Rd4 52. Ra8 Rd3 53. Ra4 Rb3 54. Rc4 Re3 55. Kf2 Rd3 56. Kg3 Rd4 57. Rc5 Kg6 58. Rc6 e4 59. fxe4 Rxe4 60. Rc5 Re5 61. Rc4 Ra5 62. Rb4 Kf5 63. Rf4+ Ke5 64. Rb4 f5 65. Rb8 f4+ 66. Kf3 Ra3+ 67.
Kf2 Kf5 68. Rg8 Rb3 69. Rg7 Rh3 70. Rg5+ Ke4 71. Rxh5 Rh2+ 72.
Kg1 Ra2 73. Rb5 Kf3 74. Rb3+ Kg4 75. h5 Kxh5 76. Kf1 Kg4 77. Rc3 Rb2 78. Ra3 Rb4 79. Kf2 f3 80. Ra8 Rb2+ 81. Kf1 Rb1+ 82. Kf2 Rb2+ 1/2-1/2

[Event "ETCC Women 2013"]
[Site "Warsaw"]
[Date "2013.11.10"]
[Round "3"]
[White "Olsarova, Karolina"]
[Black "Corke, Anya S"]
[Result "1-0"]
[ECO "B40"]
[WhiteElo "2275"]
[BlackElo "2276"]
[PlyCount "79"]
[EventDate "2013.??.??"]
[EventCountry "POL"]
[WhiteTeam "Czech Republic"]
[BlackTeam "England"]
[WhiteTeamCountry "CZE"]
[BlackTeamCountry "ENG"]
[TimeControl "40/5400+30:1800+30"]

1. e4 c5 2. Nf3 e6 3. d3 b6 4. g3 Bb7 5. Bg2 d6 6. O-O Nd7 7. c4 Ngf6 8. Nc3 Be7 9. Ng5 Qc7 10. f4 a6 11. Qe2 Rb8 12. Bd2 O-O 13. Rae1 h6 14. Nh3 Qd8 15.
Nf2 b5 16. cxb5 axb5 17. Nxb5 Ba6 18. a4 Bxb5 19. axb5 Rxb5 20. Bc1 Rb4 21. h4 Nh7 22. Ng4 h5 23. Ne3 g6 24. Nc4 Ndf6 25. f5 Ng4 26. Bh3 Nhf6 27.
Bg5 gxf5 28. exf5 e5 29. Ra1 Qc7 30. Bxg4 Nxg4 31. f6 Bd8 32. Rf5 d5 33. Nxe5 Re8 34. Re1 Qb8 35. Bf4 Bxf6 36. Nxg4 Rxe2 37. Nxf6+ Kh8 38. Rxe2 Qa7 39. Re8+ Kg7 40. Rg8# 1-0

[Event "ETCC Women 2013"]
[Site "Warsaw"]
[Date "2013.11.10"]
[Round "3"]
[White "Orehek, Spela"]
[Black "Beinenson, Katsiaryna"]
[Result "1/2-1/2"]
[ECO "B24"]
[WhiteElo "2026"]
[BlackElo "1964"]
[PlyCount "184"]
[EventDate "2013.??.??"]
[EventCountry "POL"]
[WhiteTeam "Slovenia"]
[BlackTeam "Belarus"]
[WhiteTeamCountry "SLO"]
[BlackTeamCountry "BLR"]
[TimeControl "40/5400+30:1800+30"]

1. e4 c5 2. Nc3 Nc6 3. Bb5 g6 4. Bxc6 dxc6 5. d3 Bg7 6. Be3 b6 7. Qd2 e5 8. Nge2 Qe7 9. O-O Nf6 10. Bh6 O-O 11. Bxg7 Kxg7 12. f4 exf4 13. Nxf4 Ng4 14. Nce2 Ba6 15. c4 Rad8 16. Rad1 Kg8 17. b3 Rd7 18.
h3 Ne5 19. Qe3 Rfd8 20. Ng3 Rd6 21. Kh1 Qd7 22. Qf2 Qe7 23. Qe3 Qg5 24. Qf2 Rf6 25. Qe3 Nxd3 26. Rxd3 Rxd3 27. Qxd3 Rxf4 28. Rxf4 Qxf4 29. Ne2 Qc7 30. a4 Bc8 31. Ng1 Qd7 32. Qg3 a6 33. Qg5 Kg7 34. Nf3 Qd1+ 35. Kh2 Qd6+ 36. e5 Qe6 37. Qe3 f6 38. exf6+ Qxf6 39. a5 Qd6+ 40. Kh1 bxa5 41. Qc3+ Qf6 42. Qxa5 Qe7 43. Qb6 Kh6 44. Qb8 Bf5 45. Qf4+ Kg7 46. Ne5 Qd6 47. Qe3 Qd4 48. Qg3 Qe4 49. Nf3 Qe7 50.
Qf4 Bc2 51. Qd2 Qe4 52. Qd7+ Kf6 53. Qd6+ Qe6 54. Qd2 Qf5 55.
Qd6+ Kg7 56. Qe7+ Qf7 57. Qe3 Kg8 58. Qxc5 Bxb3 59. Qxc6 Bxc4 60. Qc8+ Kg7 61. Qc5 Qd5 62. Qe7+ Qf7 63. Qe5+ Qf6 64. Qc7+ Bf7 65. Qa5 h6 66. Kg1 Qc6 67. Ne5 Qb5 68. Qa1 Kg8 69. Nxf7 Kxf7 70. Qa2+ Ke7 71. Qa3+ Kd7 72. Qf3 Qc5+ 73. Kh1 Qc1+ 74. Kh2 Qc7+ 75. Kh1 g5 76. Qd5+ Qd6 77. Qb7+ Ke6 78. Qe4+ Kf6 79. Qf3+ Kg6 80. Qe4+ Kg7 81. Qb7+ Kg8 82. Qc8+ Kf7 83. Qb7+ Kg6 84. Qe4+ Kf6 85. Qf3+ Ke5 86. Qe3+ Kd5 87. Qb3+ Kd4 88. Qa4+ Kc3 89. Qa1+ Kd2 90. Qa5+ Ke2 91. Qa2+ Ke3 92. Qb3+ Kd4 1/2-1/2

[Event "ETCC Women 2013"]
[Site "Warsaw"]
[Date "2013.11.10"]
[Round "3"]
[White "Ozturk, Kubra"]
[Black "Kachiani-Gersinska, Ketino"]
[Result "0-1"]
[ECO "E46"]
[WhiteElo "2281"]
[BlackElo "2365"]
[PlyCount "80"]
[EventDate "2013.??.??"]
[EventCountry "POL"]
[WhiteTeam "Turkey"]
[BlackTeam "Germany"]
[WhiteTeamCountry "TUR"]
[BlackTeamCountry "GER"]
[TimeControl "40/5400+30:1800+30"]

1. d4 Nf6 2. c4 e6 3. Nc3 Bb4 4. e3 O-O 5. Nge2 d5 6. a3 Be7 7. Nf4 b6 8.
cxd5 exd5 9. Bd3 Bb7 10. O-O Nbd7 11. Qf3 c6 12. Bd2 Re8 13. Rac1 Nf8 14. Rfd1 Ng6 15. e4 dxe4 16. Nxe4 Nd5 17. Nxd5 cxd5 18. Nc3 a6 19. g3 Bf6 20. Be3 Ne7 21. h4 Ng6 22. h5 Nf8 23. Ne2 Ne6 24. Qf5 g6 25.
hxg6 hxg6 26. Qh3 Bc8 27. Qg2 Ng5 28. Nf4 Bg4 29. Be2 Bxe2 30.
Nxe2 Qd7 31. Nf4 Rad8 32. Rd3 Kg7 33. Bd2 Re4 34. Re1 Rde8 35.
Rc1 Rh8 36. Bc3 Rxf4 37. gxf4 Nh3+ 38. Rxh3 Rxh3 39. Re1 Rh4 40.
Qf3 Qf5 0-1